 Dungeon Crawl Stone Soup version 0.30-a0-711-gf4ac18a38d (webtiles) character file.

Game seed: 16610102219504118020

445031 OTABOTABOTAB the Ruinous (level 23, -15/121 (135) HPs)
             Began as a Deep Elf Conjurer on Jan 22, 2023.
             Was the Champion of Vehumet.
             Demolished by a spectral caustic shrike (17 damage)
             ... on level 4 of the Depths.
             The game lasted 02:31:16 (59554 turns).

OTABOTABOTAB the Ruinous (Deep Elf Conjurer)       Turns: 59554, Time: 02:31:17

HP:   -15/121 (135) AC:  6    Str:  6    XL:     23   Next: 9%
MP:   2/75          EV: 20    Int: 36    God:    Vehumet [******]
Gold: 3826          SH:  0    Dex: 15    Spells: 2/61 levels left

rFire   + + .      SeeInvis +    b - staff of fire {rF+}
rCold   + + +      Faith    .    (no shield)
rNeg    + . .      Spirit   .    t - +0 robe "Vodil" {Fly rElec MP+9 Stlth-}
rPois   +          Reflect  .    o - +0 hat of Noxious Liberty {rElec rF+ SInv}
rElec   +          Harm     .    m - +0 cloak of Emiteuta {rN+ Int+3}
rCorr   +          Rampage  .    z - +0 pair of gloves
Will    ++...                    w - +1 pair of boots of Emise {rPois rCorr MP+9}
Stlth   +                        u - amulet of magic regeneration
HPRegen 0.40/turn                Z - ring of wizardry {Wiz+, !d}
MPRegen 0.84/turn                r - ring of Nuocero {Fly rC+++ MP+9 Dex+2 Stlth-}

@: about to teleport, flying, studying Shields, heavily drained
A: no striking features
}: 2/15 runes: decaying, gossamer
a: Renounce Religion


You were on level 4 of the Depths.
You worshipped Vehumet.
Vehumet was exalted by your worship.
You visited 8 branches of the dungeon, and saw 41 of its levels.
You visited 2 bazaars.
You also visited: Bailey, Gauntlet and Ice Cave.

You collected 5737 gold pieces.
You spent 1911 gold pieces at shops.

Inventory:

Armour
 g - a scarf of repulsion
   (You found it in an ice cave)
 m - the +0 cloak of Emiteuta (worn) {rN+ Int+3}
   (You found it on level 3 of the Depths)

   Int:       It affects your intelligence (+3).
   rN:        It protects you from negative energy.
 o - the +0 hat of Noxious Liberty (worn) {rElec rF+ SInv}
   (You found it on level 2 of the Spider Nest)

   rF:        It protects you from fire.
   rElec:     It insulates you from electricity.
   SInv:      It lets you see invisible.
 t - the +0 robe "Vodil" (worn) {Fly rElec MP+9 Stlth-}
   (You bought it in a shop in a bazaar)

   rElec:     It insulates you from electricity.
   MP:        It affects your magic capacity (+9).
   Fly:       It grants you flight.
   Stlth:     It makes you less stealthy.
 w - the +1 pair of boots of Emise (worn) {rPois rCorr MP+9}
   (You found it on level 8 of the Dungeon)

   rPois:     It protects you from poison.
   MP:        It affects your magic capacity (+9).
   rCorr:     It protects you from acid and corrosion.
 z - a +0 pair of gloves (worn)
   (You found it on level 13 of the Dungeon)
Magical Staves
 a - a staff of conjuration
   (You acquired it on level 3 of the Lair of Beasts)
 b - a staff of fire (weapon) {rF+}
   (You found it on level 7 of the Dungeon)
Jewellery
 c - an amulet of reflection
   (You took it off a spriggan air mage on level 3 of the Depths)
 r - the ring of Nuocero (right hand) {Fly rC+++ MP+9 Dex+2 Stlth-}
   (You found it in a bailey)

   [ring of magical power]

   Dex:       It affects your dexterity (+2).
   rC:        It renders you almost immune to cold.
   MP:        It affects your magic capacity (+9).
   Fly:       It grants you flight.
   Stlth:     It makes you less stealthy.
 u - an amulet of magic regeneration (around neck)
   (You took it off a deep elf pyromancer on level 3 of the Elven Halls)
 A - an amulet of regeneration
   (You found it on level 3 of the Vaults)
 V - a ring of see invisible {sInv, !d}
   (You took it off a wizard on level 1 of the Depths)
 Z - a ring of wizardry (left hand) {Wiz+, !d}
   (You found it on level 1 of the Dungeon)
Wands
 d - a wand of digging (22)
   (You found it on level 8 of the Dungeon)
 h - a wand of acid (17)
   (You found it on level 4 of the Dungeon)
 i - a wand of iceblast (15)
   (You found it on level 2 of the Swamp)
 j - a wand of polymorph (29)
   (You took it off Jessica on level 3 of the Dungeon)
 p - a wand of paralysis (34)
   (You found it on level 10 of the Dungeon)
 q - a wand of flame (33)
   (You found it on level 1 of the Spider Nest)
 y - a wand of mindburst (30)
   (You found it on level 4 of the Dungeon)
Scrolls
 e - 9 scrolls of enchant weapon
 k - 3 scrolls of torment {!r}
 l - 2 scrolls of brand weapon
 n - 9 scrolls of enchant armour
 s - 3 scrolls of poison
 x - 29 scrolls of identify {@r1}
 D - 3 scrolls of blinking {!r}
 E - 7 scrolls of fear
 F - 8 scrolls of fog
 K - 2 scrolls of amnesia
 O - 3 scrolls of silence
 S - 2 scrolls of summoning
 X - 2 scrolls of magic mapping {@r4!r}
 Y - 21 scrolls of teleportation {@r3}
Potions
 f - 4 potions of attraction {!q}
 B - 5 potions of brilliance
 G - 8 potions of ambrosia {!q}
 H - 5 potions of haste
 I - 8 potions of invisibility
 J - 14 potions of curing {@q1}
 L - 5 potions of flight
 M - 9 potions of might
 N - 3 potions of heal wounds {@q2}
 P - 7 potions of lignification {!q}
 R - 6 potions of resistance
 T - 3 potions of berserk rage {!q}
 U - 9 potions of mutation {!q}


   Skills:
 - Level 11.2 Fighting
 - Level 2.6 Staves
 - Level 15.3 Dodging
 - Level 4.0 Stealth
 - Level 19.5 Spellcasting
 - Level 25.1 Conjurations
 - Level 5.0 Hexes
 + Level 5.3 Necromancy
 - Level 5.0 Translocations
 * Level 7.0 Transmutations
 - Level 20.0 Fire Magic
 - Level 5.0 Ice Magic
 - Level 5.0 Air Magic
 - Level 18.7 Earth Magic


You had 2 spell levels left.
You knew the following spells:

 Your Spells              Type           Power      Damage    Failure   Level
a - Magic Dart            Conj           100%       1d8       0%          1
b - Searing Ray           Conj           100%       2d8       0%          2
c - Necromutation         Tmut/Necr      34%        N/A       85%         8
d - Shatter               Erth           53%        3d40*     4%          9
e - Fire Storm            Conj/Fire      69%        8d18      1%          9
f - Fireball              Conj/Fire      69%        3d26      0%          5
g - Lehudib's Crystal Sp  Conj/Erth      57%        10d13     1%          8
h - Ignition              Fire           66%        3d18      1%          8
x - Iskenderun's Mystic   Conj/Tloc      97%        2d19      0%          4
z - Iskenderun's Battles  Conj           100%       2d15      0%          5

Your spell library contained the following spells:

 Spells                   Type           Power      Damage    Failure   Level
 Foxfire                  Conj/Fire      100%       2x1d9     0%          1
 Shock                    Conj/Air       100%       1d9       0%          1
 Scorch                   Fire           100%       2d10      0%          2
 Apportation              Tloc           100%       N/A       1%          1
 Beastly Appendage        Tmut           100%       N/A       1%          1
 Necrotise                Necr           100%       1d9       1%          1
 Sting                    Tmut/Pois      100%       1d8       1%          1
 Summon Small Mammal      Summ           100%       N/A       1%          1
 Call Imp                 Summ           35%        N/A       1%          2
 Cigotuvi's Dreadful Rot  Necr/Pois/Air  100%       N/A       1%          2
 Poisonous Vapours        Pois/Air       100%       N/A       1%          2
 Wereblood                Tmut           72%        N/A       1%          2
 Dazzling Flash           Conj/Hex       100%       N/A       0%          3
 Hailstorm                Conj/Ice       97%        3d19      0%          3
 Inner Flame              Hex/Fire       100%       N/A       0%          3
 Stone Arrow              Conj/Erth      100%       3d13      0%          3
 Flame Wave               Conj/Fire      100%       2d21      0%          4
 Fulminant Prism          Conj/Hex       48%        3d21      0%          4
 Lee's Rapid Deconstruct  Erth           53%        3d25*     0%          5
 Iron Shot                Conj/Erth      57%        9d11      0%          6
 Starburst                Conj/Fire      69%        6d18      0%          6
 Call Canine Familiar     Summ           35%        N/A       1%          3
 Frozen Ramparts          Ice            100%       1d16      1%          3
 Ignite Poison            Fire/Tmut/Pois 100%       N/A       1%          3
 Kindle Blastsparks       Fire/Tloc/Air  100%       2d18      1%          3
 Mephitic Cloud           Conj/Pois/Air  82%        N/A       1%          3
 Portal Projectile        Hex/Tloc       100%       N/A       1%          3
 Spider Form              Tmut/Pois      57%        N/A       1%          3
 Summon Guardian Golem    Hex/Summ       52%        N/A       1%          3
 Swiftness                Air            63%        N/A       1%          3
 Tukima's Dance           Hex            63%        N/A       1%          3
 Vhi's Electric Charge    Tloc/Air       100%       N/A       1%          3
 Airstrike                Air            31%        2d(5-21)  1%          4
 Anguish                  Hex/Necr       32%        N/A       1%          4
 Animate Armour           Summ/Erth      100%       N/A       1%          4
 Cause Fear               Hex            31%        N/A       1%          4
 Ice Form                 Ice/Tmut       68%        N/A       1%          4
 Olgreb's Toxic Radiance  Pois           35%        N/A       1%          4
 Passage of Golubria      Tloc           63%        N/A       1%          4
 Petrify                  Tmut/Erth      91%        N/A       1%          4
 Summon Ice Beast         Ice/Summ       52%        N/A       1%          4
 Summon Lightning Spire   Summ/Air       52%        N/A       1%          4
 Arcjolt                  Conj/Air       48%        1d58      1%          5
 Blade Hands              Tmut           36%        N/A       1%          5
 Borgnjor's Vile Clutch   Necr/Erth      44%        N/A       1%          5
 Freezing Cloud           Conj/Ice/Air   44%        6-21      1%          5
 Irradiate                Conj/Tmut      50%        3d28      1%          5
 Lightning Bolt           Conj/Air       48%        1d69      1%          5
 Metabolic Englaciation   Hex/Ice        31%        N/A       1%          5
 Silence                  Hex/Air        31%        N/A       1%          5
 Yara's Violent Unravell  Hex/Tmut       34%        3d14      1%          5
 Conjure Ball Lightning   Conj/Air       48%        3x3d17    1%          6
 Statue Form              Tmut/Erth      60%        N/A       1%          6
 Spellforged Servitor     Conj/Summ      45%        N/A       1%          7
 Summon Forest            Summ/Tloc      26%        N/A       3%          5
 Summon Mana Viper        Hex/Summ       52%        N/A       3%          5
 Simulacrum               Ice/Necr       32%        N/A       6%          6
 Ozocubu's Refrigeration  Ice            31%        4d14      11%         7
 Dragon Form              Tmut           36%        N/A       16%         7
 Chain Lightning          Conj/Air       48%        3d64      19%         9
 Storm Form               Tmut/Air       34%        N/A       26%         7
 Summon Cactus Giant      Summ           17%        N/A       45%         6
 Haunt                    Necr/Summ      26%        N/A       65%         7
 Summon Hydra             Summ           17%        N/A       95%         7
 Discord                  Hex            31%        N/A       95%         8
 Disjunction              Tloc           31%        N/A       95%         8


Dungeon Overview and Level Annotations

Branches:
Dungeon (15/15)            Temple (0/1) D:7            Lair (5/5) D:11
  Swamp (4/4) Lair:2       Spider (4/4) Lair:2        Slime (0/5) Lair:5
    Orc (2/2) D:10            Elf (3/3) Orc:2        Vaults (4/5) D:13
  Crypt (0/3) Vaults:2     Depths (4/4) D:15         Bailey (visited)
  IceCv (visited)         Gauntlet (visited)
    Zot: Depths:4

Altars:
Ashenzari
Dithmenos
Fedhas
Gozag
Hepliaklqana
Kikubaaqudgha
Okawaru
Qazlal
Ru
Sif Muna
Trog
Uskayaw
Vehumet
Wu Jian
Xom
Yredelemnul
The Shining One
Jiyva

Shops:
D:2 ?   D:3 [   D:13 (   Orc:2 [!*:   Elf:2 [   Vaults:2 [   Vaults:3 *

Portals:
Hell: Depths:1 Depths:2 Depths:3 Depths:4
Abyss: Swamp:4 Depths:2 Depths:3
Pandemonium: Depths:2
Ziggurat: Depths:2
Trove: Vaults:3 (give 6 potions of haste)

Annotations:
Swamp:2 3 runed translucent doors, Iich's ghost, adept DsFi
Swamp:4 2 transporters, wormed's ghost, adept SpHu
Vaults:3 1 runed translucent door, Lemondrips's ghost, adept AtBe
Depths:1 2 transporters, Maimpaagh's ghost, adept GrEE; Polaczum's ghost, adept TrMo; Viocziel's ghost, adept TrMo


Message History

Your fire vortex barely misses the spectral caustic shrike.
Your fire vortex closely misses something.
Something claws your fire vortex. The spectral caustic shrike claws you!
The spectral caustic shrike closely misses you.
You take 14 damage, and have 99/135 hp.
The spectral caustic shrike claws you! You partially resist.
You feel drained.
You take 9 damage, and have 90/133 hp.
You erupt in a blast of force!
The mystic blast hits the spectral caustic shrike!!
The spectral caustic shrike misses you. The spectral caustic shrike claws you!!
You partially resist.
You feel drained.
You take 20 damage, and have 70/130 hp.
You now have 4/75 mp.
You erupt in a blast of force!
The mystic blast hits the spectral caustic shrike!!
The spectral caustic shrike is knocked back by the mystic blast.
You now have 1/75 mp.
Okay, then.
Really read
D - 3 scrolls of blinking {!r}?
Blink to where?
Okay, then.
Unknown command.
You closely miss the spectral caustic shrike.
The spectral caustic shrike closely misses you.
The spectral caustic shrike misses you.
A white draconian comes into view. It is wielding a +0 halberd.
As you read the scroll of teleportation {@r3}, it crumbles to dust.
You feel strangely unstable.
The spectral caustic shrike barely misses you.
The spectral caustic shrike claws you! You partially resist.
You feel drained.
You take 15 damage, and have 56/128 hp.
Aim: a white draconian, wielding a +0 halberd (moderately wounded, 83% to hit)
The searing ray hits the spectral caustic shrike.
The searing ray hits the white draconian! (Press . to maintain the ray.)
The spectral caustic shrike claws you! You partially resist.
You feel drained. The spectral caustic shrike misses you.
The white draconian closely misses you.
You take 10 damage, and have 46/127 hp.
You now have 2/75 mp.
The searing ray hits the spectral caustic shrike!
The searing ray hits the white draconian.
Your surroundings suddenly seem different.
Found a gateway to Hell.
Unknown command.
You start resting.
A spectral caustic shrike comes into view.
You regained 4 hp, and now have 52/127 hp.
You regained 8 mp, and now have 13/75 mp.
Unknown command.
You feel a surge of power!
A raging storm of fire appears!
The great blast of fire engulfs the spectral caustic shrike!!!
The spectral caustic shrike is engulfed in blazing flames.
The spectral caustic shrike misses you.
You now have 7/75 mp.
You erupt in a blast of force!
The mystic blast hits the spectral caustic shrike!
The spectral caustic shrike is knocked back by the mystic blast.
The spectral caustic shrike is engulfed in a cloud of scalding steam.
You now have 4/75 mp.
You erupt in a blast of force!
The mystic blast hits the spectral caustic shrike!!
The spectral caustic shrike claws you! You partially resist.
You feel drained.
You take 11 damage, and have 43/126 hp.
You now have 1/75 mp.
You don't have enough magic to cast this spell.
The magic dart hits the spectral caustic shrike but does no damage.
The spectral caustic shrike completely misses you.
The spectral caustic shrike claws you!
* * * LOW HITPOINT WARNING * * *
You take 9 damage, and have 34/126 hp.
You hit the spectral caustic shrike but do no damage.
The spectral caustic shrike misses you.
The spectral caustic shrike completely misses you.
Unknown command.
You feel much better. The spectral caustic shrike claws you!
The spectral caustic shrike claws you but does no damage.
You regained 12 hp, and now have 47/126 hp.
As you read the scroll of teleportation {@r3}, it crumbles to dust.
You feel strangely unstable. The spectral caustic shrike claws you!
You partially resist.
You feel drained. The spectral caustic shrike claws you.
* * * LOW HITPOINT WARNING * * *
You take 10 damage, and have 37/124 hp.
The searing ray hits the spectral caustic shrike but does no damage. (Press . to maintain the ray.)
The spectral caustic shrike claws you!!
* * * LOW HITPOINT WARNING * * *
You partially resist.
You feel drained.
The spectral caustic shrike barely misses you.
You take 19 damage, and have 18/121 hp.
You now have 2/75 mp.
The searing ray misses the spectral caustic shrike.
The spectral caustic shrike claws you!
* * * LOW HITPOINT WARNING * * *
The spectral caustic shrike claws you!
You die...

.∩.≈~~≈....##..
≈.≈≈≈≈~........
≈~≈≈≈≈≈......
~≈≈≈≈≈≈....
≈~≈≈≈≈...##
≈≈~≈≈.....#
#.........#
######Z.###
#@## ###


You could see a spectral caustic shrike.

Vanquished Creatures
  A dread lich (Depths:3)
  Mennas (Vaults:3)
  A juggernaut (Depths:3)
  Frederick (Vaults:3)
  Saint Roka (Vaults:3)
  A caustic shrike (Depths:1)
  A golden dragon (Depths:4)
  Nikola (Vaults:2)
  Jory (Vaults:4)
  A bone dragon (Swamp:4)
  The ghost of mandoloar the Executioner, an adept MiFi of Okawaru (Vaults:2)
  4 liches
  Jorgrun (D:14)
  Rupert (D:15)
  A walking crystal tome (Depths:3)
  4 tentacled monstrosities
  Mlioglotl (Spider:1)
  3 deep elf blademasters
  2 deep elf master archers (Elf:3)
  A titan (Depths:3)
  2 quicksilver dragons (Depths:3)
  An acid blob (Spider:1)
  An ancient champion (Vaults:2)
  2 shadow dragons
  3 sphinxes
  A storm dragon (Depths:4)
  Roxanne (Elf:1)
  The ghost of Maimpaagh the Geomancer, an adept GrEE of Qazlal (Depths:3)
  Agnes (Elf:1)
  A tengu reaver (Depths:3)
  4 deep elf sorcerers (Elf:3)
  8 fire giants
  4 frost giants
  Louise (D:15)
  2 iron dragons (Depths:3)
  7 vault wardens
  5 ghost moths
  2 orc warlords
  2 draconian shifters (Depths:4)
  2 deep elf elementalists (Elf:3)
  The ghost of Orangeyouglad the Unseen, an adept KoEn of Ashenzari (D:13)
  A broodmother (Spider:4)
  10 ironbound preservers
  A draconian stormcaller (Depths:4)
  A reaper (Gauntlet)
  2 emperor scorpions (Spider:4)
  A spriggan defender (Depths:3)
  A caustic shrike skeleton (Depths:1)
  A quicksilver ooze (Gauntlet)
  A green draconian (Depths:4)
  7 ironbound thunderhulks
  16 very ugly things
  Nessos (D:13)
  5 deep elf demonologists (Elf:3)
  6 stone giants
  5 bunyips
  4 vampire knights
  13 dire elephants
  3 eleionomae
  A minotaur (Gauntlet)
  13 spark wasps
  7 deep elf annihilators (Elf:3)
  A spark wasp (shapeshifter) (Depths:3)
  The ghost of acebull12 the Unseen, a journeyman SpBr of Uskayaw (Spider:1)
  4 deep elf death magi (Elf:3)
  Josephine (Lair:3)
  12 ettins
  Snorg (Orc:2)
  The ghost of Ryskou the Protected, a journeyman DsFi of Makhleb (Lair:3)
  5 entropy weavers
  A shambling mangrove (Swamp:4)
  11 yaktaur captains
  A merfolk impaler (Depths:2)
  A jiangshi (Vaults:2)
  4 rakshasas
  9 fire dragons
  6 great orbs of eyes
  2 deep elf high priests (Elf:3)
  8 ice dragons
  A hell beast (Depths:1)
  7 hydras
  5 vault guards
  2 ghost crabs
  A salamander tyrant (Depths:1)
  2 jorogumos
  A spriggan air mage (Depths:3)
  A caustic shrike simulacrum (IceCv)
  8 centaur warriors
  7 ironbound frosthearts
  2 ogre magi
  4 two-headed ogres
  26 dancing weapons
  3 boulder beetles
  8 alligators
  8 deep troll earth magi
  6 deep troll shamans
  A radroach (Spider:3)
  7 tengu warriors
  7 spriggan berserkers
  3 vampire magi
  4 orc high priests
  Nergalle (Lair:2)
  Urug (Lair:5)
  A soul eater (Depths:2)
  Amaemon (D:10)
  12 hell knights
  25 deep elf knights
  6 sun demons (Depths:1)
  2 pharaoh ants
  2 skeletal warriors
  A spark wasp zombie (D:15)
  A sun moth (Spider:2)
  11 iron trolls
  6 spriggan druids
  2 flayed ghosts
  9 goliath frogs
  A shadow demon (Depths:2)
  5 bog bodies
  A death drake (Swamp:2)
  3 glowing orange brains
  6 swamp dragons
  3 spectral hydras (Swamp:4)
  41 deep trolls
  14 ironbound convokers
  18 deep elf archers
  A lindwurm (shapeshifter) (Vaults:4)
  6 orb spiders
  6 steelbarb worms
  12 orc knights
  7 lindwurms
  11 harpies
  3 phantasmal warriors
  An orange crystal statue (IceCv)
  10 necromancers
  7 wizards
  32 deep elf zephyrmancers
  27 deep elf pyromancers
  A wolf spider (shapeshifter) (Depths:3)
  A cyclops (D:15)
  A shadow dragon skeleton (Depths:1)
  5 orc sorcerers
  2 oklob plants
  34 ugly things
  20 wolf spiders
  A moth of wrath (Spider:4)
  2 will-o-the-wisps (Swamp:2)
  3 manticores
  A shining eye (Depths:1)
  2 salamanders (Depths:1)
  13 vault sentinels
  6 elephants
  A fire giant skeleton (Vaults:2)
  3 eyes of devastation (Depths:1)
  2 black mambas
  4 centaur skeletons (D:13)
  A smoke demon (Depths:2)
  14 cane toads
  4 demonic crawlers
  An orange demon (D:10)
  A torpor snail (shapeshifter) (Elf:2)
  5 torpor snails
  A yaktaur (shapeshifter) (D:15)
  A gargoyle (D:12)
  3 rime drakes
  Psyche (D:8)
  48 yaktaurs
  6 komodo dragons
  2 swamp worm zombies (Swamp:4)
  7 freezing wraiths
  4 tengu conjurers
  An efreet (D:14)
  4 kobold demonologists
  An anaconda simulacrum (IceCv)
  2 hydra zombies (Swamp:4)
  A golden dragon simulacrum (IceCv)
  A guardian mummy (D:15)
  2 red devils (Depths:2)
  12 tyrant leeches
  5 bloated husks
  26 hornets
  3 polar bears
  17 tarantellas
  Grinder (D:3)
  7 trolls
  2 hellwings (Gauntlet)
  A deep troll zombie (Vaults:2)
  8 dream sheep
  3 spectral swamp dragons (Swamp:4)
  An ettin zombie (Vaults:2)
  6 alligator zombies (Swamp:4)
  3 blink frogs (Lair:4)
  A slime creature (shapeshifter) (Depths:4)
  15 slime creatures
  2 blink frogs (shapeshifter) (D:14)
  34 jumping spiders
  A deep troll skeleton (Vaults:2)
  70 yaks
  2 shadows
  A vampire (D:11)
  5 wraiths
  12 culicivoras
  26 spriggans
  3 water elementals
  4 wyverns
  A centaur simulacrum (D:14)
  5 air elementals
  2 fire elementals
  4 hogs (Lair:3)
  A human (Lair:3)
  5 large abominations (D:14)
  52 redbacks
  5 basilisks
  2 steam dragons
  A human simulacrum (Vaults:2)
  22 vampire mosquitoes
  5 wargs
  12 swamp worms
  2 human zombies (D:15)
  9 water moccasins
  9 acid dragons
  A hell hound (Depths:1)
  A hydra simulacrum (IceCv)
  A tengu skeleton (D:15)
  2 swamp drakes (Lair:1)
  5 swamp dragon zombies (Swamp:4)
  A sky beast (D:7)
  32 orc warriors
  7 black bears
  3 ice beasts
  4 ettin simulacra
  30 wolves
  4 boggarts (Lair:5)
  19 ogres
  11 phantoms
  12 centaurs
  A centaur (shapeshifter) (Depths:3)
  4 kobold brigands
  12 bullfrogs
  A gnoll sergeant (D:9)
  5 earth elementals
  7 small abominations (D:14)
  3 scorpions
  6 wights
  A lindwurm simulacrum (IceCv)
  13 killer bees
  3 howler monkeys
  An electric eel (Lair:2)
  5 hounds
  Crazy Yiuf (D:3)
  A jelly (D:7)
  A gnoll bouda (Orc:2)
  20 orc priests
  Jessica (D:3)
  5 iguanas
  26 orc wizards
  2 spectral swamp drakes (Swamp:4)
  17 gnolls
  8 adders
  3 shadow imps
  3 white imps
  A worm (D:2)
  3 dart slugs
  101 orcs
  7 bats
  6 endoplasms
  A giant cockroach (D:1)
  17 hobgoblins
  5 jackals (D:3)
  5 quokkas
  6 ball pythons
  2 frilled lizards (D:1)
  13 goblins
  25 kobolds
  5 rats
  A bush (Lair:2)
  A fire vortex (Swamp:4)
  A fulminant prism (Elf:1)
1764 creatures vanquished.

Vanquished Creatures (collateral kills)
  A vault warden (Vaults:3)
  A spectral caustic shrike (Depths:4)
  A stone giant (Depths:1)
  3 dire elephants
  2 yaktaur captains
  A rakshasa (Depths:1)
  A dancing weapon (Elf:2)
  A spriggan berserker (Depths:2)
  An iron troll (Depths:2)
  2 deep trolls (Vaults:1)
  A phantasmal warrior (Depths:1)
  A deep elf pyromancer (Elf:2)
  An ugly thing (Depths:2)
  A deep elf zephyrmancer (Elf:3)
  A human skeleton (Vaults:2)
  A vault sentinel (Vaults:4)
  An elf skeleton (Vaults:2)
  A spriggan zombie (Depths:1)
  A slime creature (Vaults:3)
  An orc wizard (Vaults:3)
24 creatures vanquished.

Vanquished Creatures (others)
  Kirke (Lair:3)
  A ghost crab (Swamp:4)
  An ironbound convoker (Vaults:1)
  A swamp worm zombie (Swamp:4)
  A bloated husk (Swamp:4)
  A human (Lair:3)
  420 fire vortices
  2 foxfires (Swamp:2)
  45 fulminant prisms
  41 fungi
  57 plants
  15 withered plants
586 creatures vanquished.

Grand Total: 2374 creatures vanquished

Notes
Turn   | Place    | Note
-------+----------+-------------------------------------------
     0 | D:1      | OTABOTABOTAB the Deep Elf Conjurer began the quest for the
                  | Orb.
     0 | D:1      | Reached XP level 1. HP: 10/10 MP: 6/6
    88 | D:1      | Reached XP level 2. HP: 13/15 MP: 1/8
   218 | D:1      | Learned a level 2 spell: Searing Ray
   363 | D:1      | Reached skill level 3 in Stealth
   482 | D:1      | Reached skill level 3 in Dodging
   523 | D:1      | Reached XP level 3. HP: 19/19 MP: 6/10
  1447 | D:2      | Found a faded altar of an unknown god.
  1540 | D:2      | Found Waetell's Magic Scroll Boutique.
  1545 | D:2      | Bought a scroll of identify for 22 gold pieces
  1545 | D:2      | Bought a scroll of identify for 22 gold pieces
  1545 | D:2      | Bought a scroll of teleportation for 33 gold pieces
  1652 | D:3      | Found a sacrificial altar of Ru.
  1705 | D:3      | Reached XP level 4. HP: 15/24 MP: 5/11
  1795 | D:3      | Reached skill level 4 in Spellcasting
  1851 | D:3      | Identified the +5 flail of Tenacity {freeze, rElec rCorr
                  | Int+7 Stlth-}
  1913 | D:3      | Reached skill level 5 in Conjurations
  1980 | D:3      | Found Izankoar's Antique Armour Shop.
  2113 | D:3      | Reached skill level 4 in Stealth
  2113 | D:3      | Reached XP level 5. HP: 26/28 MP: 1/13
  2219 | D:3      | Learned a level 4 spell: Fulminant Prism
  2224 | D:3      | Learned a level 4 spell: Iskenderun's Mystic Blast
  2225 | D:3      | Found a radiant altar of Vehumet.
  2253 | D:3      | Became a worshipper of Vehumet
  2276 | D:3      | Found an ancient bone altar of Kikubaaqudgha.
  2282 | D:3      | Found a glowing golden altar of the Shining One.
  2328 | D:3      | Noticed Grinder
  2332 | D:3      | HP: 2/28 [Grinder/nerve-wracking pain (11)]
  2336 | D:3      | Killed Grinder
  2337 | D:3      | Reached skill level 5 in Spellcasting
  2337 | D:3      | Reached skill level 6 in Conjurations
  2337 | D:3      | Reached skill level 2 in Hexes
  2337 | D:3      | Reached skill level 1 in Translocations
  2337 | D:3      | Reached XP level 6. HP: 18/32 MP: 6/15
  2405 | D:3      | Found an iron altar of Okawaru.
  2410 | D:3      | Noticed Jessica
  2437 | D:3      | Killed Jessica
  2523 | D:3      | Found a runed translucent door.
  2524 | D:3      | Noticed Crazy Yiuf
  2605 | D:3      | Found a broken altar of Ashenzari.
  2705 | D:3      | Found a shadowy altar of Dithmenos.
  2818 | D:3      | Killed Crazy Yiuf
  2937 | D:4      | Reached skill level 2 in Translocations
  3070 | D:4      | Reached XP level 7. HP: 36/36 MP: 8/17
  3272 | D:4      | Found a blossoming altar of Fedhas.
  3294 | D:4      | Found a shimmering blue altar of Sif Muna.
  3509 | D:4      | Found a stormy altar of Qazlal.
  3524 | D:4      | Reached skill level 3 in Hexes
  3666 | D:4      | Reached * piety under Vehumet
  3666 | D:4      | Offered knowledge of Foxfire by Vehumet.
  3704 | D:4      | Found a hide-covered altar of Uskayaw.
  3804 | D:4      | Identified a scroll of acquirement
  3804 | D:4      | Acquired OTABOTABOTAB's Discourse on the Heated
                  | Cumulonimbus
  3839 | D:5      | Entered Level 5 of the Dungeon
  3940 | D:5      | Reached skill level 6 in Spellcasting
  3940 | D:5      | Reached skill level 7 in Conjurations
  3940 | D:5      | Reached skill level 3 in Translocations
  4088 | D:5      | Reached skill level 4 in Hexes
  4100 | D:5      | Reached XP level 8. HP: 36/41 MP: 2/19
  4209 | D:5      | Learned a level 5 spell: Freezing Cloud
  4492 | D:5      | Reached skill level 1 in Ice Magic
  4541 | D:5      | Reached skill level 1 in Air Magic
  4939 | D:6      | Reached skill level 8 in Conjurations
  4943 | D:6      | Reached skill level 4 in Translocations
  5170 | D:6      | Reached skill level 5 in Hexes
  5170 | D:6      | Reached skill level 2 in Ice Magic
  5194 | D:6      | Reached skill level 7 in Spellcasting
  5201 | D:6      | Reached skill level 2 in Air Magic
  5405 | D:6      | Found a bloodstained altar of Trog.
  5586 | D:6      | Found a hazy altar of Hepliaklqana.
  5825 | D:7      | Found a runed translucent door.
  5976 | D:7      | Found a staircase to the Ecumenical Temple.
  6138 | D:7      | Reached skill level 3 in Ice Magic
  6138 | D:7      | Reached XP level 9. HP: 45/45 MP: 10/22
  6309 | D:7      | Reached skill level 9 in Conjurations
  6433 | D:7      | Offered knowledge of Static Discharge by Vehumet.
  6487 | D:7      | Reached ** piety under Vehumet
  6899 | D:7      | Reached skill level 5 in Translocations
  6899 | D:7      | Reached skill level 3 in Air Magic
  7134 | D:7      | Reached skill level 8 in Spellcasting
  7258 | D:7      | Reached skill level 4 in Ice Magic
  7431 | D:7      | Offered knowledge of Poisonous Vapours by Vehumet.
  7555 | D:8      | Noticed Psyche
  7673 | D:8      | Killed Psyche
  7673 | D:8      | Reached *** piety under Vehumet
  7674 | D:8      | Reached skill level 10 in Conjurations
  7674 | D:8      | Reached skill level 4 in Air Magic
  7851 | D:8      | Identified the +1 pair of boots of Emise {rPois rCorr MP+9}
  8193 | D:8      | Offered knowledge of Mephitic Cloud by Vehumet.
  8214 | D:8      | Reached XP level 10. HP: 50/50 MP: 21/24
  8316 | D:8      | Reached skill level 5 in Ice Magic
  8684 | D:9      | Found a flagged portal.
  8705 | Bailey   | Entered a bailey
  8713 | Bailey   | Reached skill level 9 in Spellcasting
  8743 | Bailey   | Noticed an orc warlord
  8885 | Bailey   | Reached **** piety under Vehumet
  8898 | Bailey   | Offered knowledge of Flame Wave by Vehumet.
  8981 | Bailey   | Found a runed translucent gate.
  8982 | Bailey   | Found a runed translucent gate.
  8983 | Bailey   | Found a runed translucent gate.
  9232 | Bailey   | Killed an orc warlord
  9233 | Bailey   | Reached skill level 11 in Conjurations
  9233 | Bailey   | Reached skill level 5 in Air Magic
  9357 | Bailey   | Identified the ring of Nuocero {Fly rC+++ MP+9 Dex+2
                  | Stlth-}
  9878 | D:9      | Reached skill level 10 in Spellcasting
  9882 | D:9      | Reached skill level 12 in Conjurations
 10089 | D:9      | Noticed an orange demon
 10106 | D:9      | Noticed a sun demon
 10486 | D:10     | Entered Level 10 of the Dungeon
 10536 | D:10     | Reached skill level 13 in Conjurations
 10536 | D:10     | Reached XP level 11. HP: 54/54 MP: 27/27
 10642 | D:10     | Reached skill level 11 in Spellcasting
 10729 | D:10     | Reached ***** piety under Vehumet
 10868 | D:10     | Offered knowledge of Fireball by Vehumet.
 10896 | D:10     | Learned a level 5 spell: Fireball
 11038 | D:10     | Reached skill level 4 in Dodging
 11126 | D:10     | Found a staircase to the Orcish Mines.
 11181 | D:10     | Reached skill level 1 in Fire Magic
 11183 | D:10     | Noticed Amaemon
 11184 | D:10     | Paralysed by Amaemon for 4 turns
 11193 | D:10     | Killed Amaemon
 11194 | D:10     | Reached skill level 1 in Fighting
 11394 | D:10     | Noticed a two-headed ogre
 11400 | D:10     | Killed a two-headed ogre
 11401 | D:10     | Reached skill level 2 in Fire Magic
 11734 | D:10     | Found a basalt altar of Yredelemnul.
 11928 | D:10     | Found an ornate altar of the Wu Jian Council.
 12086 | Orc:1    | Entered Level 1 of the Orcish Mines
 12107 | Orc:1    | Noticed an orc high priest
 12116 | Orc:1    | Killed an orc high priest
 12117 | Orc:1    | Reached skill level 2 in Fighting
 12117 | Orc:1    | Reached skill level 5 in Dodging
 12135 | Orc:1    | Reached skill level 3 in Fire Magic
 12414 | Orc:1    | Noticed an ogre mage
 12415 | Orc:1    | Reached skill level 14 in Conjurations
 12417 | Orc:1    | Killed an ogre mage
 12524 | Orc:2    | Entered Level 2 of the Orcish Mines
 12524 | Orc:2    | Found a staircase to the Elven Halls.
 12532 | Orc:2    | Noticed an orc knight
 12543 | Orc:2    | Killed an orc knight
 12549 | Orc:2    | Reached skill level 12 in Spellcasting
 12815 | Orc:1    | Noticed an orc sorcerer
 12818 | Orc:1    | Killed an orc sorcerer
 12819 | Orc:1    | Reached skill level 3 in Fighting
 12893 | Orc:1    | Noticed an orc knight
 12900 | Orc:1    | Killed an orc knight
 12901 | Orc:1    | Reached skill level 6 in Dodging
 12901 | Orc:1    | Reached skill level 4 in Fire Magic
 12901 | Orc:1    | Reached XP level 12. HP: 54/64 MP: 30/30
 13475 | Orc:2    | Offered knowledge of Iron Shot by Vehumet.
 13486 | Orc:2    | Learned a level 6 spell: Iron Shot
 13604 | Orc:2    | Noticed an ettin
 13612 | Orc:2    | Killed an ettin
 14007 | Orc:2    | Noticed an orc high priest
 14008 | Orc:2    | Noticed an orc high priest
 14026 | Orc:2    | Reached skill level 15 in Conjurations
 14026 | Orc:2    | Reached skill level 5 in Fire Magic
 14055 | Orc:2    | Killed an orc high priest
 14107 | Orc:2    | Noticed an orc high priest
 14115 | Orc:2    | Killed an orc high priest
 14116 | Orc:2    | Reached skill level 7 in Dodging
 14125 | Orc:2    | Reached skill level 4 in Fighting
 14233 | Orc:2    | Killed an orc high priest
 14393 | Orc:2    | Noticed Snorg
 14404 | Orc:2    | Killed Snorg
 14405 | Orc:2    | Reached skill level 13 in Spellcasting
 14789 | Orc:2    | Found Ovvoa's Book Emporium.
 14789 | Orc:2    | Found Faolurid's Antique Armour Emporium.
 14790 | Orc:2    | Found Rirrad's Assorted Antiques.
 14790 | Orc:2    | Found Omug's Distillery.
 14812 | Orc:2    | Bought a book of Armaments for 504 gold pieces
 15296 | D:11     | Found a staircase to the Lair.
 15299 | D:11     | Reached skill level 8 in Dodging
 15616 | D:3      | Bought a warped robe for 159 gold pieces
 15616 | D:3      | Identified the +1 robe of the Serpent {Harm rElec Str-4
                  | Int+4} (You bought it in a shop on level 3 of the Dungeon)
 15877 | D:11     | Reached XP level 13. HP: 72/72 MP: 32/32
 15984 | Lair:1   | Entered Level 1 of the Lair of Beasts
 15997 | Lair:1   | Reached skill level 16 in Conjurations
 16142 | Lair:1   | Reached skill level 5 in Fighting
 16490 | Lair:1   | Identified the +4 long sword "Redoul" {drain, Int+5}
 16538 | Lair:1   | HP: 18/72 [poison (poison gas)]
 16877 | Lair:1   | Reached skill level 7 in Fighting
 16877 | Lair:1   | Reached skill level 9 in Dodging
 16877 | Lair:1   | Reached XP level 14. HP: 82/82 MP: 33/33
 17240 | Lair:2   | Identified the +11 trident "Veomp" {flame, rPois Str-4
                  | Int+3}
 17318 | Lair:2   | Found a hole to the Spider Nest.
 17512 | Lair:2   | Noticed Nergalle
 17520 | Lair:2   | Killed Nergalle
 17564 | Lair:2   | Reached skill level 10 in Dodging
 17772 | Lair:2   | Found a staircase to the Swamp.
 18509 | Lair:3   | Offered knowledge of Iskenderun's Battlesphere by Vehumet.
 18510 | Lair:3   | Reached skill level 14 in Spellcasting
 18516 | Lair:3   | Learned a level 5 spell: Iskenderun's Battlesphere
 18581 | Lair:3   | Found a runed translucent door.
 18583 | Lair:3   | Noticed Ryskou's ghost (journeyman DsFi)
 18630 | Lair:3   | Noticed Kirke
 18639 | Lair:3   | Killed Kirke
 18669 | Lair:3   | Acquired a staff of conjuration
 19041 | Lair:3   | Reached skill level 17 in Conjurations
 19312 | Lair:3   | Noticed Josephine
 19319 | Lair:3   | Killed Josephine
 19659 | Lair:3   | Killed Ryskou's ghost
 20086 | Lair:4   | Reached skill level 11 in Dodging
 20091 | Lair:4   | Reached skill level 8 in Fighting
 20452 | Lair:4   | You are sucked into a shaft and drop 1 floor!
 20452 | Lair:5   | Entered Level 5 of the Lair of Beasts
 20815 | Lair:5   | Reached XP level 15. HP: 88/88 MP: 35/35
 20985 | Lair:4   | Reached skill level 15 in Spellcasting
 21094 | Lair:4   | Found a shadowy altar of Dithmenos.
 21547 | Lair:5   | Noticed Urug
 21553 | Lair:5   | Killed Urug
 21781 | Lair:5   | Reached skill level 18 in Conjurations
 22001 | Lair:5   | Found a viscous altar of Jiyva.
 22002 | Lair:5   | Found a staircase to the Slime Pits.
 22280 | Lair:5   | Reached ****** piety under Vehumet
 22678 | Lair:5   | Reached skill level 12 in Dodging
 23051 | Lair:5   | Offered knowledge of Arcjolt by Vehumet.
 23480 | D:11     | Learned a level 8 spell: Lehudib's Crystal Spear
 23899 | D:12     | Reached skill level 1 in Earth Magic
 24477 | D:13     | Found Surukh's Weapon Boutique.
 24481 | D:13     | Reached skill level 2 in Earth Magic
 24632 | D:13     | Identified the +3 shortbow of Goq Rom {elec, rC+}
 24662 | D:13     | Noticed Nessos
 24667 | D:13     | Killed Nessos
 24668 | D:13     | Reached skill level 9 in Fighting
 24998 | D:13     | Reached skill level 3 in Earth Magic
 25258 | D:13     | Reached skill level 4 in Earth Magic
 25390 | D:13     | Found a gate to the Vaults.
 25551 | D:13     | Found a runed translucent door.
 25552 | D:13     | Found a shimmering altar of Xom.
 25552 | D:13     | Noticed Orangeyouglad's ghost (adept KoEn)
 25565 | D:13     | Killed Orangeyouglad's ghost
 25566 | D:13     | Reached skill level 16 in Spellcasting
 25567 | D:13     | Identified the +8 lajatang of Wapom {freeze, rPois}
 26064 | D:14     | Found a gate leading to a gauntlet.
 26136 | Gauntlet | Entered a Gauntlet
 26136 | Gauntlet | Found a transporter.
 26136 | Gauntlet | Found a transporter.
 26137 | Gauntlet | Found a transporter.
 26137 | Gauntlet | Found a transporter.
 26140 | Gauntlet | Found a transporter.
 26151 | Gauntlet | Found a transporter.
 26161 | Gauntlet | Found a transporter.
 26223 | Gauntlet | Found a transporter.
 26235 | Gauntlet | Found a transporter.
 26249 | Gauntlet | Found a transporter.
 26261 | Gauntlet | Found a transporter.
 26274 | Gauntlet | Found a transporter.
 26592 | Gauntlet | Reached skill level 5 in Earth Magic
 26741 | Gauntlet | Got Ypyotoes's Cyclopedia of Distance
 26754 | Gauntlet | Identified the +2 ring mail "Coneg Sointi" {Int+3 Slay+3
                  | Stlth-}
 26758 | Gauntlet | Identified the +2 flail of Yrues {freeze, *Slow rPois
                  | Dex+8}
 26788 | D:14     | Noticed Jorgrun
 26798 | D:14     | Killed Jorgrun
 27169 | D:14     | Offered knowledge of Spellforged Servitor by Vehumet.
 27180 | D:14     | Reached skill level 13 in Dodging
 27187 | D:14     | Reached XP level 16. HP: 90/96 MP: 28/38
 27413 | D:14     | Identified the +1 quarterstaff of Understanding {venom,
                  | Contam rF++}
 27595 | D:15     | Entered Level 15 of the Dungeon
 27595 | D:15     | Noticed Rupert
 27601 | D:15     | Killed Rupert
 27853 | D:15     | Reached skill level 19 in Conjurations
 27887 | D:15     | Noticed Louise
 28334 | D:15     | Reached skill level 10 in Fighting
 28517 | D:15     | Found a staircase to the Depths.
 28529 | D:15     | Reached skill level 17 in Spellcasting
 28714 | D:15     | Killed Louise
 28728 | D:15     | Offered knowledge of Lee's Rapid Deconstruction by Vehumet.
 28908 | D:15     | Found an opulent altar of Gozag.
 29098 | D:15     | Upgraded the game from 0.30-a0-702-gdf48620a09 to
                  | 0.30-a0-711-gf4ac18a38d
 29199 | Spider:1 | Entered Level 1 of the Spider Nest
 29726 | Spider:1 | Reached skill level 14 in Dodging
 29901 | Spider:1 | Found a runed translucent door.
 29901 | Spider:1 | Noticed acebull12's ghost (journeyman SpBr)
 30224 | Spider:1 | Noticed Mlioglotl
 30232 | Spider:1 | Killed Mlioglotl
 31022 | Spider:1 | Offered knowledge of Maxwell's Capacitive Coupling by
                  | Vehumet.
 31164 | Spider:1 | Noticed an acid blob
 31167 | Spider:1 | Killed an acid blob
 31458 | Spider:1 | Killed acebull12's ghost
 31705 | Spider:2 | Identified the +0 hat of Noxious Liberty {rElec rF+ SInv}
 31790 | Spider:2 | HP: 20/99 [entropy weaver (12)]
 32047 | Spider:2 | Reached skill level 18 in Spellcasting
 32119 | Spider:2 | Reached XP level 17. HP: 104/104 MP: 29/41
 32880 | Spider:3 | Reached skill level 15 in Dodging
 33034 | Spider:3 | Identified the +8 chain mail of Terror {Rampage rC+ Int-4
                  | Dex+2}
 33069 | Spider:3 | Reached skill level 11 in Fighting
 33084 | Spider:3 | Reached skill level 1 in Staves
 33782 | Spider:4 | Entered Level 4 of the Spider Nest
 33801 | Spider:4 | Reached skill level 20 in Conjurations
 33803 | Spider:4 | Reached skill level 2 in Staves
 34091 | Spider:4 | HP: 18/104 [ghost moth (14)]
 34091 | Spider:4 | HP: 6/104 [ghost moth (10)]
 34133 | Spider:4 | Offered knowledge of Fire Storm by Vehumet.
 34133 | Spider:4 | Offered knowledge of Shatter by Vehumet.
 34133 | Spider:4 | Offered knowledge of Ignition by Vehumet.
 34316 | Spider:3 | Learned a level 9 spell: Fire Storm
 34325 | Spider:3 | Learned a level 8 spell: Ignition
 35295 | Spider:4 | Found the +3 pair of seven-league boots {Rampage+∞}
 35304 | Spider:4 | Reached skill level 6 in Fire Magic
 35458 | Spider:4 | Got a gossamer rune of Zot
 35991 | Swamp:1  | Entered Level 1 of the Swamp
 36016 | Swamp:1  | Reached skill level 7 in Fire Magic
 36453 | Swamp:1  | HP: 20/104 [eleionoma/spray of wooden splinters (9)]
 36554 | Swamp:1  | Found a frozen archway.
 36566 | IceCv    | Entered an ice cave
 36572 | IceCv    | Reached skill level 8 in Fire Magic
 36713 | IceCv    | Found a transporter.
 36722 | IceCv    | Found a transporter.
 37265 | Swamp:2  | Reached skill level 9 in Fire Magic
 37428 | Swamp:2  | Found a runed translucent gate.
 37429 | Swamp:2  | Found a runed translucent gate.
 37430 | Swamp:2  | Found a runed translucent gate.
 37432 | Swamp:2  | Noticed Iich's ghost (adept DsFi)
 37437 | Swamp:2  | Noticed a tentacled monstrosity
 37998 | Swamp:2  | Reached skill level 10 in Fire Magic
 38402 | Swamp:3  | Reached XP level 18. HP: 110/110 MP: 42/42
 39174 | Swamp:4  | Entered Level 4 of the Swamp
 39185 | Swamp:4  | Reached skill level 11 in Fire Magic
 39324 | Swamp:4  | Reached skill level 21 in Conjurations
 39414 | Swamp:4  | HP: 27/110 [constriction (19)]
 39757 | Swamp:4  | Noticed a profane servitor
 39816 | Swamp:4  | Noticed wormed's ghost (adept SpHu)
 39824 | Swamp:4  | Found a transporter.
 40050 | Swamp:4  | Found a transporter.
 40065 | Swamp:4  | Found a one-way gate to the infinite horrors of the Abyss.
 40290 | Swamp:4  | Reached skill level 12 in Fire Magic
 40584 | Swamp:4  | Noticed a bone dragon
 40970 | Swamp:4  | Killed a bone dragon
 41322 | Swamp:4  | HP: 26/107 [something (9)]
 41578 | Swamp:4  | Got a decaying rune of Zot
 41994 | Elf:1    | Entered Level 1 of the Elven Halls
 42222 | Elf:1    | Reached skill level 13 in Fire Magic
 42395 | Elf:1    | Noticed Agnes
 42399 | Elf:1    | Killed Agnes
 43104 | Elf:1    | Identified Roxanne's Elucidation of Transfiguration
 43104 | Elf:1    | Noticed Roxanne
 43520 | Elf:1    | Killed Roxanne
 43685 | Elf:1    | Reached skill level 14 in Fire Magic
 44559 | Elf:2    | Found a runed translucent gate.
 44559 | Elf:2    | Found a runed translucent gate.
 44559 | Elf:2    | Found a runed translucent gate.
 44672 | Elf:2    | Found Vaitann's Armour Shoppe.
 44960 | Elf:2    | Reached XP level 19. HP: 115/115 MP: 43/43
 44967 | Elf:2    | Reached skill level 22 in Conjurations
 44968 | Elf:2    | Reached skill level 15 in Fire Magic
 45681 | Elf:2    | Learned a level 9 spell: Shatter
 45732 | Elf:3    | Entered Level 3 of the Elven Halls
 46005 | Elf:3    | Reached skill level 6 in Earth Magic
 46193 | Elf:3    | Identified the +8 great sword of Victory {drain, Str+2}
 46376 | Elf:3    | Identified the +0 arbalest of the Shining Light {drain, rC+
                  | rN++ Str-5 Int+4}
 46376 | Elf:3    | Identified the +6 leather armour "Ydwaiq" {rPois rF+ rN+
                  | SInv}
 46376 | Elf:3    | Identified the amulet "Vukighaf" {Acrobat rPois Dex+3
                  | Slay+3}
 46420 | Elf:3    | Identified the +1 robe "Sostrexu" {rElec rN+++ Str-5 Dex-2}
 46422 | Elf:3    | Reached skill level 7 in Earth Magic
 46462 | Elf:3    | Reached skill level 16 in Fire Magic
 46664 | Elf:3    | Reached skill level 8 in Earth Magic
 47101 | Elf:3    | Identified the +2 flail of Bisuemm {drain, Int+5 Dex+3}
 47235 | Elf:3    | Reached skill level 9 in Earth Magic
 47314 | Elf:3    | Identified the +0 ice dragon scales of the Spheres {rElec
                  | rF- rC++}
 47318 | Elf:3    | Got the Parchment of Traumaturgy
 47403 | Elf:3    | Got the Lessons on Called Transposition
 47409 | Elf:3    | Got Yphitoq's Essays on Abhorrent Arts and the Deep Freeze
 47431 | Elf:3    | Got Sif Muna's Folio of the Entrancing Birds
 47977 | Orc:2    | Bought a shiny orb for 252 gold pieces
 48255 | Vaults:1 | Entered Level 1 of the Vaults
 48369 | Vaults:1 | Reached skill level 10 in Earth Magic
 48386 | Vaults:1 | Reached XP level 20. HP: 94/120 MP: 1/44
 48398 | Vaults:1 | Found a flickering gateway to a bazaar.
 48407 | Bazaar   | Entered a bazaar
 48477 | Bazaar   | Found Ungifuj's Antique Armour Shop.
 48485 | Bazaar   | Bought a ripped robe for 193 gold pieces
 48485 | Bazaar   | Identified the +0 robe "Vodil" {Fly rElec MP+9 Stlth-} (You
                  | bought it in a shop in a bazaar)
 48529 | Bazaar   | Found Kuurixtu's Book Shop.
 48587 | Vaults:1 | Got the Commentary on Conjury
 49066 | Vaults:1 | Reached skill level 23 in Conjurations
 49066 | Vaults:1 | Reached skill level 11 in Earth Magic
 49718 | Vaults:2 | Found Leymuc's Antique Armour Boutique.
 49740 | Vaults:2 | Reached skill level 17 in Fire Magic
 49877 | Vaults:2 | Noticed Nikola
 49881 | Vaults:2 | Killed Nikola
 49924 | Vaults:2 | Found a staircase to the Crypt.
 50072 | Vaults:2 | Reached skill level 12 in Earth Magic
 50343 | Vaults:2 | Found a transporter.
 50343 | Vaults:2 | Noticed mandoloar's ghost (adept MiFi)
 50344 | Vaults:2 | Identified the +9 great mace of Profit {flame, rElec rPois
                  | Int-3 Stlth+}
 50344 | Vaults:2 | Identified the +2 giant club of Paudon {freeze, rElec rPois
                  | rC+}
 50828 | Vaults:2 | Reached skill level 13 in Earth Magic
 51122 | Vaults:2 | Found a transporter.
 51130 | Vaults:2 | HP: 25/120 [mandoloar's ghost (32)]
 51136 | Vaults:2 | Killed mandoloar's ghost
 51357 | Vaults:2 | Identified the ring "Jiqyfyum" {Fire Fly rPois Int+3 Dex-4}
 51734 | Vaults:3 | Found Wufasoam's Assorted Antiques.
 51735 | Vaults:3 | Noticed Frederick
 51741 | Vaults:3 | Killed Frederick
 51752 | Vaults:3 | Noticed Saint Roka
 51754 | Vaults:3 | Killed Saint Roka
 51794 | Vaults:3 | Found a portal to a secret trove of treasure.
 51808 | Vaults:3 | Bought a scroll of teleportation for 111 gold pieces
 51808 | Vaults:3 | Bought a scroll of teleportation for 111 gold pieces
 51839 | Vaults:3 | Reached skill level 14 in Earth Magic
 51948 | Vaults:3 | Noticed Mennas
 51954 | Vaults:3 | Killed Mennas
 51955 | Vaults:3 | Reached XP level 21. HP: 124/124 MP: 45/45
 51984 | Vaults:3 | Reached skill level 18 in Fire Magic
 52159 | Vaults:3 | Found a runed translucent door.
 52159 | Vaults:3 | Found a shimmering altar of Xom.
 52159 | Vaults:3 | Noticed Lemondrips's ghost (adept AtBe)
 52464 | Vaults:3 | Found the +18 shield of the Gong {Loud rElec rN+ Will+
                  | EV-5}
 53084 | Vaults:4 | Noticed Jory
 53087 | Vaults:4 | Killed Jory
 53136 | Vaults:4 | Reached skill level 15 in Earth Magic
 53433 | Vaults:4 | Reached skill level 24 in Conjurations
 54580 | Depths:1 | Entered Level 1 of the Depths
 54586 | Depths:1 | Reached skill level 16 in Earth Magic
 54586 | Depths:1 | Noticed a golden dragon
 54588 | Depths:1 | Noticed Viocziel's ghost (adept TrMo)
 54593 | Depths:1 | Noticed Maimpaagh's ghost (adept GrEE)
 54614 | Depths:1 | Noticed Polaczum's ghost (adept TrMo)
 54651 | Depths:1 | Noticed a juggernaut
 54662 | Depths:1 | Found a transporter.
 54662 | Depths:1 | Noticed a juggernaut
 54673 | Depths:1 | Found a transporter.
 54680 | Depths:1 | Noticed a caustic shrike
 54812 | Depths:1 | You are sucked into a shaft and drop 1 floor!
 55026 | Depths:2 | Reached skill level 19 in Fire Magic
 55179 | Depths:2 | Reached skill level 17 in Earth Magic
 55194 | Depths:2 | Found a flickering gateway to a bazaar.
 55203 | Bazaar   | Entered a bazaar
 55216 | Bazaar   | Found Emuwnaum's Book Shoppe.
 55278 | Bazaar   | Found Bamafur's Jewellery Shoppe.
 55343 | Bazaar   | Found Rudeat Sior's Jewellery Shoppe.
 55404 | Bazaar   | Found Hiuche's Book Boutique.
 55412 | Bazaar   | Bought the Discourse on Iron Death for 504 gold pieces
 55546 | Depths:1 | Reached XP level 22. HP: 130/130 MP: 46/46
 55559 | Depths:1 | HP: 14/130 [shot self (30)]
 55582 | Depths:1 | HP: 32/130 [sun demon (4)]
 56032 | Depths:1 | Found a gateway to Hell.
 56218 | Depths:1 | Killed a caustic shrike
 56284 | Depths:1 | Reached skill level 18 in Earth Magic
 56686 | Depths:2 | Found a one-way gateway to a ziggurat.
 57220 | Depths:2 | Found a one-way gate leading to the halls of Pandemonium.
 57645 | Depths:3 | Reached skill level 19 in Spellcasting
 57829 | Depths:3 | Noticed a juggernaut
 57832 | Depths:3 | Killed a juggernaut
 57833 | Depths:3 | Reached skill level 25 in Conjurations
 57988 | Depths:3 | Identified the +2 bardiche of Conscience {antimagic, rPois
                  | rCorr Str-4 Dex+5}
 58202 | Depths:3 | Reached skill level 20 in Fire Magic
 58421 | Depths:3 | Found a runed translucent gate.
 58421 | Depths:3 | Found a runed translucent gate.
 58421 | Depths:3 | Noticed a dread lich
 58422 | Depths:3 | Found a runed translucent gate.
 58423 | Depths:3 | Noticed Maimpaagh's ghost (adept GrEE)
 58501 | Depths:3 | Learned a level 8 spell: Necromutation
 58824 | Depths:3 | Reached skill level 1 in Transmutations
 58924 | Depths:3 | Reached skill level 1 in Necromancy
 58928 | Depths:3 | Reached skill level 2 in Transmutations
 58929 | Depths:3 | Reached skill level 2 in Necromancy
 58930 | Depths:3 | Killed a dread lich
 58931 | Depths:3 | Reached skill level 3 in Transmutations
 58942 | Depths:3 | HP: 32/130 [Maimpaagh's ghost/stone arrow (25)]
 58943 | Depths:3 | Killed Maimpaagh's ghost
 58951 | Depths:3 | Identified the +0 cloak of Emiteuta {rN+ Int+3}
 59208 | Depths:4 | Entered Level 4 of the Depths
 59210 | Depths:4 | Reached skill level 3 in Necromancy
 59210 | Depths:4 | Reached skill level 4 in Transmutations
 59226 | Depths:4 | Reached skill level 5 in Transmutations
 59334 | Depths:4 | Reached skill level 4 in Necromancy
 59482 | Depths:4 | Reached skill level 6 in Transmutations
 59482 | Depths:4 | Reached XP level 23. HP: 130/135 MP: 48/48
 59508 | Depths:4 | Reached skill level 5 in Necromancy
 59516 | Depths:4 | Reached skill level 7 in Transmutations
 59553 | Depths:4 | HP: 18/124 [spectral caustic shrike (19)]
 59554 | Depths:4 | HP: 2/121 [spectral caustic shrike (17)]
 59554 | Depths:4 | Demolished by a spectral caustic shrike

Illustrated notes

Levels and vault maps discovered:
D:1:      lemuel_arrival_hallway, layout_rooms, serial_forest,
          infiniplex_forest_lined_2, infiniplex_forest_clump_small,
          infiniplex_forest_lined_room_, infiniplex_forest_lined_ring,
          infiniplex_forest_straight_4, infiniplex_forest_end_1,
          amcnicky_mini_corridor_feature
D:2:      layout_basic, serial_shops, nicolae_shop_hallway_plus,
          shapermc_ecumenical_altar_ellora, hangedman_decor_slide_cut
D:3:      wander_river, layout_basic, nicolae_ru_sacrificial_ziggurat,
          tso_metal_star, general_overflow_altar, grunt_dithmenos_smoke,
          nicolae_vehumet_radiance, lemuel_crystal_altar,
          okawaru_ov_weapons_minmay, serial_shops,
          nicolae_shop_overgrown_old_shop, uniq_jessica,
          uniq_crazy_yiuf_cottage, uniq_grinder
D:4:      layout_cave_pools, nicolae_qazlal_general_emergency,
          nicolae_uskayaw_dance_hall, mainiacjoe_overflow_catwalk_spiral,
          kennysheep_pointless_box
D:5:      layout_gridville, minivault_19
D:6:      layout_loops_ring, mainiacjoe_overflow_tiny_flanked,
          worldfamousw_hep_ancestral_shrine, roderic_filled_cross
D:7:      layout_loops_ring, minmay_temple_entry_sparse_star,
          kennysheep_cross_bottleneck, minmay_misc_feat_more_columns,
          hangedman_abyss_or_decor_stagger, lightli_church_of_beogh
D:8:      layout_rooms, uniq_psyche
D:9:      layout_cave_pods, enter_bailey_5
D:10:     layout_stronghold, nicolae_wu_jian_glorious_leap,
          kennysheep_little_box, david_orc_1_choice, uniq_amaemon
D:11:     layout_roguey, david_lair_generic, minmay_variable_closet,
          kennysheep_generic_room_12
D:12:     layout_basic
D:13:     layout_roguey, hangedman_vaults_entry_quadrant_bands,
          ebering_ghost_xom, serial_shops, nicolae_stop_n_shop_1, uniq_nessos
D:14:     layout_rooms, minivault_23, gauntlet_entry_generic, laboratory,
          uniq_jorgrun
D:15:     gammafunk_depths_entry_grave, layout_rooms,
          nicolae_gozag_cash_rules_everything_around_me, uniq_louise,
          uniq_rupert
Lair:1:   layout_misc_corridors, pond, grunt_megastairs_3
Lair:2:   layout_loops_ring, nicolae_swamp_entry_splash_gauntlet,
          spider_nest_entry_web_field, infiniplex_staircase_pool, uniq_nergalle
Lair:3:   layout_gridlike, gammafunk_ghost_grave, lemuel_fruit_tree,
          infiniplex_staircase_pool_2, uniq_josephine, uniq_kirke
Lair:4:   layout_long_grid, lemuel_centaur_altar
Lair:5:   minmay_lair_end_enchanted_forest, layout_cave_pods,
          minmay_slime_entry_oklob_enclosed, st_stairs_9, uniq_urug
Swamp:1:  layout_basic_swamp, portal_ice_cave_entry_frozen_things,
          nicolae_swamp_small_spring
Swamp:2:  layout_basic_swamp, gammafunk_ghost_split, evilmike_swamp_ruin_house_1
Swamp:3:  layout_falls_marsh, nicolae_swamp_triple_paths
Swamp:4:  swamp_pestilence, layout_basic_swamp, gammafunk_ghost_abyssal_escape
Spider:1: layout_chambers, hellmonk_ghost_happy_afterlife,
          nicolae_spider_acid_house, uniq_mlioglotl
Spider:2: layout_spider_delve
Spider:3: layout_spider_delve, drop_trap
Spider:4: spider_rune_water, hangedman_spider_tarantella_strand
Orc:1:    cheibrodos_orc_bank, layout_caves, mines4_lemuel
Orc:2:    st_orc_elflike, layout_diamond_mine, uniq_snorg
Elf:1:    layout_geoelf_octagon, evilmike_minifort, st_stairs_6, uniq_agnes,
          uniq_roxanne
Elf:2:    elven_hall_of_blades_hangedman_original [nicolae_blade_bullseye],
          layout_loops_cross, serial_shops, nicolae_take_the_stairs
Elf:3:    grunt_elf_hall_branching, layout_geoelf_diagonals
Vaults:1: vaults_room_grunt_arrival_ludios, v_misc_3,
          nicolae_vaults_network_star, v_rooms_2, v_misc_16,
          ontoclasm_vaults_idyll, vaults_mumra_hex, nicolae_vaults_gold_heap,
          layout_vaults_chaotic_city, serial_shops, freezing_bzr
Vaults:2: gammafunk_ghost_smash, v_misc_24, nicolae_vaults_specimen_jars,
          hangedman_vaults_nails, ontoclasm_vaults_eye, ontoclasm_vaults_pinch,
          minmay_crypt_entry_simple_round, grunt_vaults_focal, v_misc_4,
          grunt_vaults_hallway_short, v_misc_25, vaults_dpeg_diagonal,
          hangedman_vaults_slither, nicolae_vaults_branching_niches,
          ontoclasm_vaults_loading_screen, nicolae_vaults_alarming,
          vaults_room_pool, layout_vaults_omnibox, serial_shops, shop,
          uniq_nikola
Vaults:3: ebering_ghost_xom, vaults_standard_mumra_x, v_misc_33,
          ontoclasm_vaults_loading_screen, v_misc_12,
          hellmonk_guarded_unrand_gong, nicolae_vaults_ring_of_whatevers,
          ontoclasm_vaults_gateway, ontoclasm_vaults_fault, vaults_room_pool,
          layout_vaults_quadrants, nicolae_trove_entry_crossroad, serial_shops,
          nicolae_shop_crystal, uniq_saint_roka, uniq_frederick, uniq_mennas
Vaults:4: lightli_enter_wizlab_magi_temple, v_misc_1, hangedman_vaults_corner,
          ontoclasm_vaults_ring_square, nicolae_vaults_octagons,
          ontoclasm_vaults_hangar, v_rooms_1, v_alt_pattern_6,
          nicolae_vaults_little_squares_3, grunt_vaults_diagonal,
          layout_vaults_ring, uniq_jory
Depths:1: layout_cave_shapes, minmay_misc_feat_chi,
          nicolae_hell_entry_hellmouth_sunbeams, nzn_ghost_randoct,
          minmay_fractal_squares_gapless_7
Depths:2: kennysheep_blocky_hall, layout_cave_pools, enter_ziggurat_b,
          serial_shops, bzr_entry_water, grunt_hell_entry_dis_grunt,
          abyss_entry, rand_demon_pan_entry_9,
          hangedman_abyss_or_decor_lesser_grid, minmay_statues_item
Depths:3: minmay_strange_plus, layout_basic, gammafunk_ghost_split,
          pf_vacation_house_of_asmodeus, marbit_kobold_abyss_entry
Depths:4: grunt_zot_entry_bicorn, layout_cave_pools, serial_glass,
          glass_columns_a, glass_columns_b, glass_columns_a, glass_columns_c,
          serial_shops, nicolae_inconvenience_store, grunt_pan_entry_spiral,
          pf_hell_entry_tar_river, drop_trap

Skill      XL: |  1  2  3  4  5  6  7  8  9 10 11 12 13 14 15 16 17 18 19 20 21 22 23 |
---------------+----------------------------------------------------------------------+-----
Stealth        | 3 4 |  4.0
Dodging        | 3 6 8 9 11 13 14 15 | 15.3
Spellcasting   | 4 5 6 7 8 10 12 13 14 16 18 19 | 19.5
Conjurations   | 5 6 7 8 10 13 14 15 16 17 18 19 20 21 22 23 24 25 | 25.1
Hexes          | 2 4 5 |  5.0
Translocations | 1 2 3 4 5 |  5.0
Ice Magic      | 3 4 5 |  5.0
Air Magic      | 2 4 5 |  5.0
Fire Magic     | 4 5 10 14 16 17 19 20 | 20.0
Fighting       | 3 4 7 8 9 10 11 | 11.2
Earth Magic    | 5 10 14 17 18 | 18.7
Staves         | 2 |  2.6
Transmutations | 6 7 |  7.0
Necromancy     | 4 5 |  5.3

Action                     |  1- 3 |  4- 6 |  7- 9 | 10-12 | 13-15 | 16-18 | 19-21 | 22-24 || total
---------------------------+-------+-------+-------+-------+-------+-------+-------+-------++-------
  Melee: Short sword       |    17 |     1 |       |       |       |       |       |       ||    18
         Flail             |       |     8 |    12 |       |       |       |       |       ||    20
         Unarmed           |       |     1 |       |       |       |       |       |       ||     1
         Staff             |       |       |     8 |     3 |       |    11 |       |     2 ||    24
   Cast: Magic Dart        |    70 |    34 |   148 |    56 |    83 |    63 |     4 |     9 ||   467
         Searing Ray       |       |     8 |    19 |     7 |     1 |     2 |       |     2 ||    39
         Iskenderun's Myst |       |     3 |    27 |    60 |   119 |   197 |    49 |    28 ||   483
         Fulminant Prism   |       |     2 |     5 |    15 |       |    24 |       |       ||    46
         Freezing Cloud    |       |       |    29 |   161 |   130 |    47 |     1 |       ||   368
         Fireball          |       |       |       |    11 |   109 |   574 |     3 |     3 ||   700
         Iskenderun's Batt |       |       |       |       |    18 |    15 |     3 |     1 ||    37
         Fire Storm        |       |       |       |       |       |    12 |   291 |   115 ||   418
         Ignition          |       |       |       |       |       |     1 |    45 |     8 ||    54
         Lehudib's Crystal |       |       |       |       |       |       |     2 |     9 ||    11
         Shatter           |       |       |       |       |       |       |       |    69 ||    69
    Use: Scroll            |     6 |       |    13 |     1 |    11 |     5 |     6 |     6 ||    48
         Potion            |       |     1 |       |     1 |     1 |     9 |     7 |     3 ||    22
   Stab: Sleeping          |     1 |       |       |       |       |       |       |       ||     1
 Armour: Robe              |     2 |     3 |    11 |    16 |     4 |    25 |     3 |     6 ||    70
         Skin              |       |     3 |       |       |       |       |       |       ||     3
  Dodge: Dodged            |    11 |    21 |    32 |    37 |    44 |   179 |    50 |    40 ||   414
         Repelled          |       |       |       |       |       |     4 |     4 |     1 ||     9

Table legend: (Time is in decaauts)
 A = Elapsed time spent in this place.
 B = Non-inter-level travel time spent in this place.
 C = Inter-level travel time spent in this place.
 D = Time resting spent in this place.
 E = Time spent auto-exploring this place.
 F = Levels seen in this place.
 G = Mean time per level.
                   A        B        C        D        E       F      G
               +--------+--------+--------+--------+--------+-----+--------+
         Total |  59688 |  55827 |   3861 |   7682 |  40043 |  46 | 1297.6 |
       Dungeon |  18318 |  16448 |   1870 |   1706 |  12793 |  15 | 1221.2 |
          Lair |   7964 |   7510 |    454 |    880 |   5675 |   5 | 1592.8 |
         Swamp |   5386 |   5158 |    228 |   1187 |   3234 |   4 | 1346.5 |
   Spider Nest |   6449 |   6018 |    431 |    852 |   4502 |   4 | 1612.2 |
  Orcish Mines |   3078 |   2802 |    276 |    645 |   1594 |   2 | 1539.0 |
   Elven Halls |   5516 |   5287 |    229 |    866 |   3519 |   3 | 1838.7 |
        Vaults |   6111 |   5815 |    296 |    251 |   4853 |   4 | 1527.8 |
        Depths |   4682 |   4609 |     73 |    922 |   2765 |   4 | 1170.5 |
        Bazaar |    444 |    444 |      0 |      0 |    391 |   2 |  222.0 |
        Bailey |    774 |    774 |      0 |    159 |    422 |   1 |  774.0 |
      Ice Cave |    314 |    314 |      0 |    132 |     91 |   1 |  314.0 |
      Gauntlet |    647 |    647 |      0 |     82 |    204 |   1 |  647.0 |
               +--------+--------+--------+--------+--------+-----+--------+

Top non-repeatable levels by time:
Spider:1: 2552 daAuts
   Elf:1: 2264 daAuts
  Lair:5: 2239 daAuts
    D:10: 2143 daAuts
     D:7: 1941 daAuts
 Swamp:4: 1859 daAuts
   Elf:3: 1825 daAuts
   Orc:2: 1810 daAuts
Vaults:2: 1732 daAuts
    D:14: 1712 daAuts
    D:13: 1661 daAuts
  Lair:3: 1651 daAuts
Vaults:3: 1646 daAuts
Depths:3: 1636 daAuts
 Swamp:3: 1527 daAuts

Table legend:
 A = Kills in this place as a percentage of kills in entire the game.
 B = Kills by you in this place as a percentage of kills by you in the entire game.
 C = Kills by friends in this place as a percentage of kills by friends in the entire game.
 D = Other kills in this place as a percentage of other kills in the entire game.
 E = Experience gained in this place as a percentage of experience gained in the entire game.
 F = Experience gained in this place divided by the number of levels of this place that you have seen.
                   A       B       C       D       E      F
               +-------+-------+-------+-------+-------+----------------------
         Total | 100.0 | 100.0 | 100.0 | 100.0 | 100.0 | 17963.4
       Dungeon |  22.4 |  22.8 |   0.0 |   0.0 |   8.7 | 4780.5
          Lair |  11.8 |  11.9 |   0.0 |  33.3 |   6.5 | 10725.2
         Swamp |   8.4 |   8.4 |   0.0 |  66.7 |   8.3 | 17053.5
   Spider Nest |  10.8 |  11.0 |   0.0 |   0.0 |   9.4 | 19428.0
  Orcish Mines |   6.7 |   6.8 |   0.0 |   0.0 |   2.3 | 9418.5
   Elven Halls |   9.5 |   9.4 |  12.5 |   0.0 |  14.9 | 40968.3
        Vaults |  15.2 |  14.7 |  54.2 |   0.0 |  23.7 | 48865.0
        Depths |  12.8 |  12.5 |  33.3 |   0.0 |  25.0 | 51684.0
        Bailey |   1.5 |   1.5 |   0.0 |   0.0 |   0.2 | 1717.0
      Ice Cave |   0.7 |   0.7 |   0.0 |   0.0 |   0.7 | 5570.0
      Gauntlet |   0.3 |   0.3 |   0.0 |   0.0 |   0.5 | 3833.0
               +-------+-------+-------+-------+-------+----------------------
